AoeStats
← daitoudaguo

Arabia

510712827Analyzed
1v1 RM · 15h ago on Oct 2, 2026· 46m 11s· 2 players
Game mode
Random Map
Map size
Tiny (2 player)
Population
200
Speed
Normal
Resources
Standard
Victory
Conquest
Starting age
Dark Age
Ending age
Imperial Age
RankedLock teamsTeams togetherTeam positionsShared explorationLock speedFull tech treeHidden civsTurbo modeCheats
Victory
Defeat
🇨🇳 Magyars · China
1267
+18
🇨🇦 Vikings · Canada
1318
-18
Longplaying
9:18 Feudal Age
9:48 Loom
10:17 Double-Bit Axe
11:08 Man-at-Arms
16:42 Forging
16:23 Fletching
18:50 Arson
19:07 Scale Mail Armor
19:07 Padded Archer Armor
23:03 Castle Age
21:18 Padded Archer Armor
21:51 Town Watch
21:59 Gold Mining
23:57 Bow Saw
23:21 Crossbowman
23:24 Elite Skirmisher
24:00 Bodkin Arrow
25:25 Horse Collar
26:22 Gold Shaft Mining
25:55 Squires
27:14 Leather Archer Armor
26:59 Scale Mail Armor
29:35 Ballistics
31:30 Chain Mail Armor
31:51 Iron Casting
35:27 Masonry
45:36 Heavy Plow
daitoudaguo
5:04 Loom
9:41 Feudal Age
17:51 Double-Bit Axe
17:48 Horse Collar
20:14 Castle Age
19:09 Bloodlines
18:52 Fletching
20:26 Padded Archer Armor
21:44 Bow Saw
21:33 Bodkin Arrow
23:27 Town Watch
23:48 Husbandry
25:45 Wheelbarrow
27:21 Ballistics
29:50 Hand Cart
29:55 Heavy Plow
32:56 Light Cavalry
33:54 Scale Barding Armor
35:38 Chain Barding Armor
41:15 Imperial Age
43:19 Thumb Ring
44:38 Conscription
45:24 Chemistry
45:09 Bracer
45:25 Leather Archer Armor
45:39 Parthian Tactics
Connection lost

Rejoining the realm…

Still unreachable

The connection could not be restored.

Session expired

The server has moved on; the page needs a fresh start.